 Dungeon Crawl Stone Soup version 0.26.0-45-g9c1d065592 (webtiles) character file.

Game seed: 7387781646202821495

101 DasRunzen the Skirmisher (level 4, -14/37 HPs)
             Began as a Demonspawn Abyssal Knight on Jan 27, 2021.
             Was a Believer of Lugonu.
             Killed by divine providence
             ... invoked by an orc priest
              (16 damage)
             ... on level 3 of the Dungeon.
             The game lasted 00:04:20 (1981 turns).

DasRunzen the Skirmisher (DsAK)                     Turns: 1981, Time: 00:04:22

Health: -14/37     AC:  6    Str: 13    XL:     4   Next: 48%
Magic:  6/6        EV: 11    Int: 13    God:    Lugonu [**....]
Gold:   93         SH:  3    Dex: 13    Spells: 3/3 levels left

rFire    . . .     SeeInvis .   a - +3 spear
rCold    . . .     Faith    .   i - +0 buckler
rNeg     . . .     Spirit   .   b - +1 leather armour
rPois    .         Reflect  .   (no helmet)
rElec    .         Harm     .   (no cloak)
rCorr    .         Rampage  .   (no gloves)
Will     .....                  (no boots)
Stlth    +.........             (no amulet)
HPRegen  0.12/turn              (no ring)
MPRegen  0.10/turn              (no ring)

@: no status effects
A: yellow scales 1
a: Renounce Religion, Depart the Abyss, Bend Space


You were on level 3 of the Dungeon.
You worshipped Lugonu.
Lugonu was pleased with you.
You visited 1 branch of the dungeon, and saw 3 of its levels.
You visited the Abyss 1 time.

You collected 93 gold pieces.

Inventory:

Hand Weapons
 a - a +3 spear (weapon)
Armour
 b - a +1 leather armour (worn)
 i - a +0 buckler (worn)
Jewellery
 e - an uncursed amulet of regeneration {unknown}
Scrolls
 g - a scroll of teleportation {unknown}
Potions
 c - a potion of heal wounds {unknown}
 d - 4 potions of flight {unknown}
 f - a potion of attraction {unknown}
 j - a potion of cancellation {unknown}


   Skills:
 + Level 3.8 Fighting
 + Level 3.0 Polearms
 + Level 2.2 Armour
 + Level 1.2 Dodging
 - Level 0.3 Stealth
 + Level 0.2 Shields
 + Level 2.9 Invocations


You had 3 spell levels left.
You didn't know any spells.
Your spell library was empty.

Dungeon Overview and Level Annotations

Branches:
Dungeon (3/15)

Altars:
Sif Muna
Xom
Zin

Annotations:
D:2 2 transporters


Innate Abilities, Weirdness & Mutations

You are partially covered in yellow scales. (AC +2)


Message History

The orc priest calls down the wrath of Beogh upon you.
Pain shoots through your body!
* * * LOW HITPOINT WARNING * * *
You barely miss the orc priest.
The orc priest is almost dead.
The orc misses you.
You closely miss the orc priest.
The orc priest is almost dead.
You block the orc priest's attack. The orc closely misses you.
You barely miss the orc priest.
The orc priest is almost dead.
The orc priest hits you with a cursed +0 dagger.
* * * LOW HITPOINT WARNING * * *
You hit the orc priest but do no damage.
The orc priest is almost dead.
The orc hits you from afar with a +0 trident!
* * * LOW HITPOINT WARNING * * *
The orc priest mumbles some strange prayers to Beogh against you.
Beogh smites you!
You die...

.........#
?.........
.........#
.........#
...o.....#
...o.K..K#
.......oo#
...#.#.#o#
#.#@#
#.#.#
#.#.#
#.#.#
#.#.#
#.#.#
#)#.#
#.#.#
#.#.#


You could see an orc priest, 2 orcs and a kobold.

Vanquished Creatures
  3 adders
  2 worms (D:2)
  2 dart slugs
  A leopard gecko (D:2)
  3 orcs (D:3)
  2 ball pythons
  6 bats
  4 giant cockroaches
  7 goblins
  5 hobgoblins
  7 jackals
  5 kobolds
  A frilled lizard (D:3)
  5 rats
53 creatures vanquished.

Vanquished Creatures (others)
  A ball python (D:2)
1 creature vanquished.

Grand Total: 54 creatures vanquished

Notes
Turn   | Place    | Note
-------+----------+-------------------------------------------
     0 | Abyss:1  | DasRunzen the Demonspawn Abyssal Knight began the quest for
                  | the Orb.
     0 | Abyss:1  | Reached XP level 1. HP: 18/18 MP: 2/2
    36 | Abyss:1  | Noticed a spatial vortex
    37 | Abyss:1  | Noticed a spatial maelstrom
    39 | Abyss:1  | Noticed a spatial vortex
    44 | Abyss:1  | Noticed a spatial vortex
    44 | Abyss:1  | Noticed a spatial vortex
    45 | Abyss:1  | Noticed a spatial vortex
    45 | D:1      | Escaped the Abyss
   200 | D:1      | Reached * piety under Lugonu
   204 | D:1      | Gained mutation: You are partially covered in yellow
                  | scales. (AC +2) [demonic ancestry]
   204 | D:1      | Reached XP level 2. HP: 20/24 MP: 3/3
  1012 | D:2      | Reached XP level 3. HP: 29/29 MP: 4/4
  1023 | D:2      | Reached skill level 1 in Dodging
  1110 | D:2      | Noticed a necrophage
  1114 | D:2      | Found a transporter.
  1117 | D:2      | Found a transporter.
  1225 | D:2      | Found a shimmering altar of Xom.
  1225 | D:2      | Found a glowing silver altar of Zin.
  1225 | D:2      | Noticed an angel
  1237 | D:2      | Reached ** piety under Lugonu
  1309 | D:2      | Found a shimmering blue altar of Sif Muna.
  1349 | D:2      | Reached XP level 4. HP: 25/37 MP: 5/5
  1981 | D:3      | Killed from afar by an orc priest

Illustrated notes

Levels and vault maps discovered:
D:1:      wander_arrival_abandoned_jail, layout_loops_ring
D:2:      layout_rooms, grunt_temple_overflow_order_and_chaos_1,
          gammafunk_temple_overflow_arena, minmay_cupped
D:3:      layout_basic, marbit_many_paths,
          nicolae_gozag_cash_rules_everything_around_me

Skill      XL: |  1  2  3  4 |
---------------+-------------+-----
Armour         | 2 |  2.2
Polearms       | 2 3 |  3.0
Dodging        | 1 |  1.2
Fighting       | |  3.8
Stealth        | |  0.3
Shields        | |  0.2
Invocations    | |  2.9

Action                   |  1- 3 |  4- 6 || total
-------------------------+-------+-------++-------
Melee: Spear             |   129 |    70 ||   199
Invok: Depart the Abyss  |     1 |       ||     1
  Use: Scroll            |     5 |     2 ||     7
 Stab: Sleeping          |     2 |       ||     2
Armor: Leather armour    |    38 |    18 ||    56
Dodge: Dodged            |    58 |    38 ||    96
Block: Buckler           |       |     7 ||     7
